 Dungeon Crawl Stone Soup version 0.26.1-11-gd32895ea62 (webtiles) character file.

Game seed: 4771417004882959919

19768 dtburroughs the Fighter (level 12, -7/110 HPs)
             Began as a Minotaur Berserker on June 12, 2021.
             Was an Elder of Trog.
             Mangled by a six-headed hydra (10 damage)
             ... on level 3 of the Lair of Beasts.
             The game lasted 00:35:12 (20974 turns).

dtburroughs the Fighter (Minotaur Berserker)       Turns: 20974, Time: 00:35:13

Health: -7/110     AC: 14    Str: 23    XL:     12   Next: 39%
Magic:  11/11      EV: 12    Int:  8    God:    Trog [****..]
Gold:   921        SH:  6    Dex: 10    Spells: 11/11 levels left

rFire    + + .     SeeInvis .   A - +1 flail (vorpal)
rCold    + . .     Faith    .   t - +0 buckler
rNeg     . . .     Spirit   .   a - +0 chain mail
rPois    .         Reflect  .   (helmet restricted)
rElec    .         Harm     .   K - scarf {rC+ rF+}
rCorr    .         Rampage  .   (no gloves)
Will     ++...                  J - +1 pair of boots
Stlth    ..........             L - amulet of the acrobat
HPRegen  1.28/turn              e - ring of stealth
MPRegen  0.12/turn              k - ring of protection from fire

@: regenerating
A: retaliatory headbutt, horns 2
a: Renounce Religion, Berserk, Trog's Hand, Brothers in Arms


You were on level 3 of the Lair of Beasts.
You worshipped Trog.
Trog was greatly pleased with you.
You visited 2 branches of the dungeon, and saw 13 of its levels.
You also visited: Sewer.

You collected 921 gold pieces.

Inventory:

Hand Weapons
 A - a +1 vorpal flail (weapon)
 M - a +1 vorpal broad axe
 P - a +0 battleaxe
Armour
 a - a +0 chain mail (worn)
 t - a +0 buckler (worn)
 J - a +1 pair of boots (worn)
 K - a scarf of resistance (worn)
Jewellery
 e - a ring of stealth (left hand)
 k - a ring of protection from fire (right hand)
 L - an amulet of the acrobat (around neck)
Wands
 B - a wand of paralysis (9)
 G - a wand of random effects (13)
Scrolls
 f - 10 scrolls of remove curse
 i - a scroll of random uselessness {unknown}
 j - a scroll of noise {unknown}
 l - 2 scrolls of summoning {unknown}
 m - 2 scrolls of enchant armour {unknown}
 r - 2 scrolls of magic mapping {unknown}
 s - 4 scrolls of fear
 u - 2 scrolls of blinking {unknown}
 v - a scroll of teleportation {unknown}
 x - 2 scrolls of enchant weapon {unknown}
 y - 5 scrolls of immolation {unknown}
 C - 2 scrolls of identify
 D - 2 scrolls of vulnerability {unknown}
 E - 2 scrolls of torment {unknown}
 Q - a scroll of silence {unknown}
 R - a scroll of fog {unknown}
 S - a scroll of amnesia {unknown}
Potions
 b - 2 potions of attraction {unknown}
 c - 2 potions of mutation
 d - 13 potions of degeneration
 g - 3 potions of lignification
 h - 4 potions of curing
 n - 6 potions of haste
 o - 3 potions of brilliance {unknown}
 p - 5 potions of berserk rage
 q - a potion of heal wounds
 w - 4 potions of cancellation {unknown}
 z - a potion of flight {unknown}
 H - 4 potions of ambrosia
 N - 2 potions of invisibility {unknown}
 O - a potion of resistance {unknown}
Miscellaneous
 F - a phial of floods
 I - a phantom mirror


   Skills:
 + Level 11.4 Fighting
 + Level 11.2 Axes
 + Level 11.0 Armour
 + Level 10.3 Dodging
 + Level 10.0 Shields
 + Level 5.0 Evocations


You had 11 spell levels left.
You didn't know any spells.
Your spell library was empty.

Dungeon Overview and Level Annotations

Branches:
Dungeon (10/15)            Temple (0/1) D:6            Lair (3/6) D:9
    Orc (0/2) D:10          Sewer (visited)
  Swamp: Lair:2-4    Shoals: Lair:2-4     Snake: Lair:2-4    Spider: Lair:2-4

Altars:
Nemelex Xobeh
Sif Muna
Trog
Uskayaw
Vehumet
The Shining One


Innate Abilities, Weirdness & Mutations

You reflexively headbutt those who attack you in melee.
You have a pair of horns on your head.


Message History

You hit the six-headed hydra. You headbutt the six-headed hydra.
The six-headed hydra is heavily wounded.
The six-headed hydra closely misses you.
You furiously retaliate!
You headbutt the six-headed hydra!
The six-headed hydra bites you but does no damage.
The six-headed hydra bites you.
* * * LOW HITPOINT WARNING * * *
The six-headed hydra bites you but does no damage.
The six-headed hydra bites you.
* * * LOW HITPOINT WARNING * * *
The six-headed hydra bites you!
* * * LOW HITPOINT WARNING * * *
You thump the six-headed hydra!
The six-headed hydra is almost dead.
The six-headed hydra bites you but does no damage. x2
The six-headed hydra bites you!
* * * LOW HITPOINT WARNING * * *
The six-headed hydra closely misses you.
The six-headed hydra bites you!
You die...

### #.######
#...##.###
##.@....#.##
#..D.#.....#
#..........##
##........#.#
#..........#
#.........##
##.........#
#.........##
###.#......#


You could see a six-headed hydra.

Vanquished Creatures
  2 hydras
  A two-headed ogre (D:8)
  Pikel (D:7)
  A manticore (Lair:2)
  5 elephants
  A black mamba (Lair:1)
  3 cane toads (Lair:2)
  A rime drake (Lair:1)
  6 komodo dragons
  A polar bear (Lair:3)
  Prince Ribbit (D:5)
  5 wyverns
  Sigmund (D:3)
  Eustachio (D:6)
  14 yaks
  3 basilisks (Lair:2)
  10 water moccasins
  A hornet zombie (D:8)
  5 ice beasts
  2 orc warriors
  A sky beast (D:8)
  A swamp drake (D:10)
  2 black bears
  2 necrophages
  2 phantoms
  7 ogres
  5 centaurs
  5 wolves (Lair:2)
  2 lemures (D:7)
  3 big kobolds
  2 gnoll sergeants
  10 bullfrogs
  2 scorpions
  23 killer bees
  3 wights (D:6)
  An electric eel (Lair:3)
  A bullfrog zombie (D:8)
  9 hounds
  6 orc priests
  10 orc wizards
  2 gnoll shamans
  5 iguanas
  A jelly (D:5)
  6 worker ants
  Natasha (thrice) (D:2)
  2 hound skeletons
  19 gnolls
  11 adders
  2 white imps
  An ufetubus (D:5)
  An ooze (D:4)
  3 adder skeletons
  An adder zombie (D:7)
  A worm (D:2)
  A dart slug (D:2)
  3 leopard geckos
  33 orcs
  3 ball pythons (D:6)
  14 bats
  7 giant cockroaches
  8 goblins
  10 hobgoblins
  15 jackals
  24 kobolds
  7 quokkas
  4 frilled lizards
  2 jackal skeletons
  A leopard gecko skeleton (D:5)
  A quokka skeleton (D:6)
  A quokka zombie (D:9)
  10 rats
364 creatures vanquished.

Vanquished Creatures (collateral kills)
  A hydra (Lair:2)
  A queen bee (Lair:1)
  4 wolves (Lair:1)
6 creatures vanquished.

Vanquished Creatures (others)
  15 fungi (Lair:2)
  19 plants
34 creatures vanquished.

Grand Total: 404 creatures vanquished

Notes
Turn   | Place    | Note
-------+----------+-------------------------------------------
     0 | D:1      | dtburroughs the Minotaur Berserker began the quest for the
                  | Orb.
     0 | D:1      | Reached XP level 1. HP: 19/19 MP: 0/0
   311 | D:1      | Reached XP level 2. HP: 27/27 MP: 1/1
   667 | D:1      | Reached XP level 3. HP: 31/33 MP: 2/2
  1051 | D:2      | Found a faded altar of an unknown god.
  1197 | D:2      | Found a shimmering blue altar of Sif Muna.
  1337 | D:2      | Reached ** piety under Trog
  1341 | D:2      | Found a glowing golden altar of the Shining One.
  1531 | D:2      | Reached XP level 4. HP: 39/40 MP: 3/3
  1728 | D:2      | Noticed Natasha
  1736 | D:2      | Killed Natasha
  1931 | D:2      | Found a faded altar of an unknown god.
  1992 | D:2      | Found a shimmering blue altar of Sif Muna.
  2111 | D:2      | Noticed Natasha
  2125 | D:2      | Killed Natasha
  2446 | D:2      | Noticed Natasha
  2453 | D:2      | Killed Natasha
  2454 | D:2      | Reached XP level 5. HP: 40/47 MP: 4/4
  2808 | D:3      | Noticed Sigmund
  2818 | D:3      | Killed Sigmund
  2819 | D:3      | Reached skill level 5 in Fighting
  2819 | D:3      | Reached skill level 5 in Axes
  2819 | D:3      | Reached XP level 6. HP: 56/56 MP: 5/5
  4096 | D:4      | Reached skill level 5 in Armour
  4096 | D:4      | Reached skill level 1 in Shields
  4096 | D:4      | Reached XP level 7. HP: 31/62 MP: 6/6
  4628 | D:4      | Reached *** piety under Trog
  4905 | D:5      | Entered Level 5 of the Dungeon
  5150 | D:5      | Noticed Prince Ribbit
  5471 | D:5      | Killed Prince Ribbit
  5472 | D:5      | Reached skill level 5 in Dodging
  5952 | D:6      | Found a staircase to the Ecumenical Temple.
  6028 | D:6      | Noticed Eustachio
  6058 | D:6      | Reached XP level 8. HP: 30/71 MP: 7/7
  6376 | D:6      | Killed Eustachio
  6430 | D:6      | Found a glowing drain.
  6447 | Sewer    | Entered a sewer
  7581 | D:7      | Noticed Pikel
  7604 | D:7      | Killed Pikel
  7605 | D:7      | Reached skill level 5 in Shields
  7605 | D:7      | Reached XP level 9. HP: 68/80 MP: 8/8
  7918 | D:7      | Reached **** piety under Trog
  7923 | D:7      | Found a bloodstained altar of Trog.
  8142 | D:7      | Found a radiant altar of Vehumet.
  8837 | D:8      | Noticed a two-headed ogre
  8871 | D:8      | Killed a two-headed ogre
  8877 | D:8      | Reached XP level 10. HP: 20/90 MP: 9/9
  9606 | D:8      | Found a hide-covered altar of Uskayaw.
 10677 | D:9      | Found a sparkling altar of Nemelex Xobeh.
 10988 | D:8      | Reached ***** piety under Trog
 11288 | D:9      | Reached skill level 1 in Evocations
 11743 | D:9      | Found a staircase to the Lair.
 12437 | D:10     | Entered Level 10 of the Dungeon
 13457 | D:10     | Received a gift from Trog
 13655 | D:10     | Found a staircase to the Orcish Mines.
 13670 | D:10     | Reached XP level 11. HP: 82/99 MP: 10/10
 13910 | Lair:1   | Entered Level 1 of the Lair of Beasts
 14346 | Lair:1   | Noticed a seven-headed hydra
 14363 | Lair:1   | Killed an eight-headed hydra
 14364 | Lair:1   | Reached skill level 10 in Fighting
 14369 | Lair:1   | Reached skill level 10 in Axes
 16578 | Lair:2   | Reached skill level 10 in Armour
 17881 | Lair:2   | HP: 5/101 [cane toad (19)]
 18491 | Lair:2   | Reached XP level 12. HP: 101/110 MP: 11/11
 19023 | Lair:2   | Reached skill level 10 in Dodging
 19261 | Lair:2   | Noticed an eight-headed hydra
 19268 | Lair:2   | Killed an eight-headed hydra
 19389 | Lair:2   | Noticed an eight-headed hydra
 19417 | Lair:2   | Killed an eight-headed hydra
 20470 | Lair:3   | Reached skill level 5 in Evocations
 20881 | Lair:3   | Reached skill level 10 in Shields
 20925 | Lair:3   | Noticed a six-headed hydra
 20974 | Lair:3   | HP: 3/110 [six-headed hydra (8)]
 20974 | Lair:3   | Mangled by a six-headed hydra

Illustrated notes

Levels and vault maps discovered:
D:1:      roderic_lyre, layout_loops_ring
D:2:      kennysheep_six_static_rooms, layout_basic, lemuel_round_altar,
          overflow_temple_1_default, chequers_ecumenical_altar_simple_redux,
          minmay_pentomino_w4, uniq_natasha
D:3:      layout_loops_corners, uniq_sigmund
D:4:      layout_loops_cross, kennysheep_crisscross, minivault_24
D:5:      layout_rooms, nicolae_overflow_hidden_temple, uniq_prince_ribbit1
D:6:      layout_basic, minmay_temple_entry_fiery, portal_sewer_entry_c,
          uniq_eustachio
D:7:      layout_basic, lemuel_doored_altar, overflow_temple_1_default,
          uniq_pikel
D:8:      minmay_angry_zag, layout_basic, marbit_many_paths
D:9:      layout_irregular_city, nemelex_altar_shiori
D:10:     layout_basic, erik_orc_1
Lair:1:   layout_cave_pods
Lair:2:   regret_index_tunnel_blossom, layout_regular_city
Lair:3:   layout_cave_shapes, serial_bayou_pond_b, beast_lair_carwin_11

Skill      XL: |  1  2  3  4  5  6  7  8  9 10 11 12 |
---------------+-------------------------------------+-----
Fighting       | 4 5 6 7 8 9 11 | 11.4
Axes           | 4 5 6 7 8 9 10 11 | 11.2
Armour         | 3 4 5 7 8 9 10 11 | 11.0
Dodging        | 3 4 5 6 7 8 9 10 | 10.3
Shields        | 1 2 5 6 8 9 10 | 10.0
Evocations     | 2 4 5 |  5.0

Action                   |  1- 3 |  4- 6 |  7- 9 | 10-12 || total
-------------------------+-------+-------+-------+-------++-------
Melee: Hand axe          |   101 |   118 |   211 |   358 ||   788
       Headbutt          |    14 |    19 |    50 |   153 ||   236
       War axe           |       |       |    69 |       ||    69
       Broad axe         |       |       |       |   295 ||   295
       Flail             |       |       |       |    76 ||    76
Invok: Trog's Hand       |       |     3 |     2 |     8 ||    13
       Berserk           |       |     1 |     2 |       ||     3
       Brothers in Arms  |       |       |       |     3 ||     3
  Use: Scroll            |       |       |     6 |     2 ||     8
       Potion            |       |       |       |     6 ||     6
Armor: Ring mail         |    32 |    38 |     3 |       ||    73
       Animal skin       |     1 |       |       |       ||     1
       Chain mail        |       |       |   125 |   316 ||   441
Dodge: Dodged            |    73 |    90 |   132 |   465 ||   760
Block: Buckler           |       |       |    45 |   230 ||   275
